 Dungeon Crawl Stone Soup version 0.25-a0-294-gea9b1ad378 (webtiles) character file.

Game seed: 5103339048750639539, levelgen mode: deterministic

30 Multipenetrator the Sneak (level 3, 24/24 HPs)
             Began as a Halfling Assassin on Dec 18, 2019.
             Got out of the dungeon alive.
             The game lasted 00:05:44 (953 turns).

Multipenetrator the Sneak (Halfling Assassin)        Turns: 953, Time: 00:05:45

Health: 24/24      AC:  4    Str: 12    XL:     3   Next: 37%
Magic:  3/3        EV: 14    Int:  9    God:
Gold:   29         SH:  0    Dex: 16    Spells: 2/2 levels left

rFire    . . .     SeeInvis .   a - +2 dagger
rCold    . . .     Gourm    .   (shield restricted)
rNeg     . . .     Faith    .   m - +0 robe
rPois    .         Spirit   .   (no helmet)
rElec    .         Reflect  .   c - +0 cloak
rCorr    .         Harm     .   (no gloves)
MR       .....                  n - +0 pair of boots
Stlth    +++.......             (no amulet)
HPRegen  0.08/turn              (no ring)
MPRegen  0.08/turn              (no ring)

@: no status effects
A: small, mutation resistance 1
a: no special abilities


You escaped.
You were not hungry.

You visited 1 branch of the dungeon, and saw 2 of its levels.

You collected 29 gold pieces.

Inventory:

Hand Weapons
 a - a +2 dagger (weapon)
 b - a +0 hunting sling
Missiles
 d - 7 poisoned darts (quivered)
 e - 2 curare-tipped darts
Armour
 c - a +0 cloak (worn)
 m - a +0 robe (worn)
 n - a +0 pair of boots (worn)
Scrolls
 h - 3 scrolls of teleportation {unknown}
 j - 2 scrolls of identify {unknown}
Potions
 g - a potion of brilliance {unknown}
 i - a potion of resistance {unknown}
 k - a potion of might {unknown}
Comestibles
 f - 3 rations
 l - a chunk of flesh


   Skills:
 + Level 1.9 Fighting
 * Level 3.0 Short Blades
 + Level 2.0 Throwing
 + Level 1.1 Dodging
 * Level 5.2 Stealth


You had 2 spell levels left.
You didn't know any spells.
Your spell library was empty.

Dungeon Overview and Level Annotations

Branches:
Dungeon (2/15)

Altars:


Innate Abilities, Weirdness & Mutations

You are small and have problems with some larger weapons.
You are somewhat resistant to further mutation.


Message History

d - 2 poisoned darts (gained 1)
You butcher the gnoll corpse.
l - a chunk of flesh You see here a gnoll skeleton. x2
d - 3 poisoned darts (gained 1)
d - 4 poisoned darts (gained 1)
d - 5 poisoned darts (gained 1)
d - 6 poisoned darts (gained 1)
d - 7 poisoned darts (gained 1) Done exploring.
You start resting.
HP restored.
You can't go down here!
There is an open door here.
There is a staircase leading out of the dungeon here.
You can't go down here!
You hit the plant but do no damage.
You can't go down here!
Are you sure you want to leave the Dungeon?
This will make you lose the game!
You have escaped!

# #.# ##.# ###.##÷# # #.# #..#
###.##.# ###.####.#### ###...##.#
............# ##.#.####.#
###.###.###.# ##.#..####.#### #
#.# #.###########.###.......... #
#.# #.+....♣P#P###.#..####...#. #
#.# ###≈≈≈..♣P#.♣##.#.####.#.#.
###.# ##≈8....p♣# ###.##.......
....#####≈≈≈..♣P#.♣ #........#.#.
##......'....♣P#P######.##.###.#.
##......##########......##.# #.#.
..........#.##....####.###.###.#.
#...).............####.........#.
#.........##.#...........#.##..#.
#.........##.#...#######.#.......
.................# ##...###..#.


There were no monsters in sight!

Vanquished Creatures
  A gnoll (D:1)
  2 oozes (D:1)
  3 goblins (D:1)
  2 hobgoblins (D:1)
  3 kobolds (D:1)
  A frilled lizard (D:1)
  A rat (D:1)
13 creatures vanquished.

Notes
Turn   | Place    | Note
-------+----------+-------------------------------------------
     0 | D:1      | Multipenetrator the Halfling Assassin began the quest for
                  | the Orb.
     0 | D:1      | Reached XP level 1. HP: 14/14 MP: 1/1
    39 | D:1      | Reached XP level 2. HP: 14/19 MP: 2/2
   281 | D:1      | Reached skill level 5 in Stealth
   412 | D:1      | Reached XP level 3. HP: 24/24 MP: 3/3
   953 | D:$      | Got out of the dungeon alive.

Levels and vault maps discovered:
D:1:      tarquinn_simple_flora_water_d, layout_loops_ring, minmay_heptomino_o4
D:2:      layout_loops_ring, lemuel_crystal_altar, serial_bayou_pond_d,
          minivault_23, uniq_jessica

Skill      XL: |  1  2  3 |
---------------+----------+-----
Stealth        | 5 |  5.2
Short Blades   | 3 |  3.0
Fighting       | |  1.9
Throwing       | |  2.0
Dodging        | |  1.1

Action                   || total
-------------------------++-------
Melee: Dagger            ||    33
Throw: Dart              ||     7
 Stab: Sleeping          ||     2
Armor: Robe              ||     4
Dodge: Dodged            ||    15

Table legend:
 A = Non-vault XP
 B = Vault XP
 C = Vault XP percentage of total XP
 D = Non-vault monster count
 E = Vault monster count
 F = Vault count percentage of total count
                 A         B        C        D         E       F
            +---------+---------+-------+---------+---------+-------
      Total |      40 |       4 |   9.1 |      10 |       3 |  23.1
            +---------+---------+-------+---------+---------+-------
        D:1 |      40 |       4 |   9.1 |      10 |       3 |  23.1
            +---------+---------+-------+---------+---------+-------
